 Dungeon Crawl Stone Soup version 0.29.1-15-g9cfb28693d (webtiles) character file.

Game seed: 1966449214620513263

1190 ChiefBigBeans the Cleaver (level 8, -6/73 HPs)
             Began as a Hill Orc Cinder Acolyte on Feb 23, 2023.
             Was an Initiate of Zin.
             Mangled by a fire elemental (8 damage)
             ... created by the fiery vengeance of Ignis
             ... on level 9 of the Dungeon.
             The game lasted 00:24:01 (5812 turns).

ChiefBigBeans the Cleaver (Hill Orc Cinder Acolyte) Turns: 5812, Time: 00:24:01

Health: -6/73      AC: 12    Str: 19    XL:     8   Next: 43%
Magic:  11/11      EV:  7    Int: 14    God:    Zin [......]
Gold:   76         SH:  0    Dex:  6    Spells: 5/11 levels left

rFire   . . .      SeeInvis .   b - +8 mithril axe "Arga" {speed, Will+}
rCold   . . .      Faith    .   (no shield)
rNeg    . . .      Spirit   .   c - +0 chain mail
rPois   .          Reflect  .   o - +1 helmet
rElec   .          Harm     .   (no cloak)
rCorr   .          Rampage  .   (no gloves)
Will    +....                   (no boots)
Stlth   ..........              d - amulet of the acrobat
HPRegen 0.22/turn               (no ring)
MPRegen 0.12/turn               (no ring)

@: hasted (expiring), fire susceptible, quick
A: no striking features
a: Renounce Religion, Donate Gold


You were on level 9 of the Dungeon.
You worshipped Zin.
Zin was noncommittal.
You visited 1 branch of the dungeon, and saw 8 of its levels.

You collected 234 gold pieces.
You spent 150 gold pieces at shops.
You donated 8 gold pieces to Zin.

Inventory:

Hand Weapons
 b - the +8 mithril axe "Arga" (weapon) {speed, Will+}
   (You acquired it on level 4 of the Dungeon)

   Attacks with this weapon are significantly faster.
   Will:      It increases your willpower.
Missiles
 e - 2 throwing nets
Armour
 c - a +0 chain mail (worn)
 o - a +1 helmet (worn)
Jewellery
 d - an amulet of the acrobat (around neck)
 n - a ring of ice
 q - a +6 ring of dexterity
Wands
 a - a wand of roots (4)
 p - a wand of acid (11)
Scrolls
 h - a scroll of identify
 i - a scroll of fear
Potions
 f - a potion of brilliance
 g - 4 potions of curing
 j - a potion of magic {unknown}
 r - a potion of resistance {unknown}
Miscellaneous
 k - a phantom mirror


   Skills:
 + Level 7.5 Fighting
 + Level 8.1 Axes
 + Level 5.0 Armour
 - Level 2.0 Spellcasting
 - Level 4.3 Fire Magic


You had 5 spell levels left.
You knew the following spells:

 Your Spells              Type           Power      Damage    Failure   Level
a - Scorch                Fire           26%        2d6       52%         2
b - Sandblast             Erth           2%         2d4       94%         1
c - Stone Arrow           Conj/Erth      2%         3d7       100%        3

Your spell library contained the following spells:

 Spells                   Type           Power      Damage    Failure   Level
 Slow                     Hex            4%         N/A       94%         1
 Passwall                 Tmut/Erth      0%         N/A       98%         2
 Confusing Touch          Hex            1%         N/A       100%        3
 Vampiric Draining        Necr           1%         2d6       100%        3
 Flame Wave               Conj/Fire      7%         2d5       100%        4
 Summon Cactus Giant      Summ           0%         N/A       100%        6


Dungeon Overview and Level Annotations

Branches:
Dungeon (10/15)
 Temple: D:4-7         Lair: D:8-11         Orc: D:9-12

Altars:
Dithmenos
Fedhas
Kikubaaqudgha
Nemelex Xobeh
Zin

Shops:
D:4 ?*(*


Message History

The orc shouts! x3; You hear a shout!
An orc comes into view. It is wielding a +0 mace.
You hear a shout! x2
There is a dry fountain here.
The orc shouts!
You enter the shallow water.
Moving in this stuff is going to be slow.
The fire elemental hits you. The fire elemental burns you!
The fire elemental barely misses you. The fire elemental closely misses you.
Why would you want to do that?
You slice the fire elemental!!
The fire elemental is severely damaged.
You barely miss the fire elemental.
The orc wizard gestures wildly while chanting.
The orc wizard flickers and vanishes!
Deactivating autopickup; reactivate with Ctrl-A.
You slice the fire elemental!!
You destroy the fire elemental!
That felt strangely unrewarding.
You closely miss the fire elemental. The fire elemental barely misses you.
Your unstable footing causes you to fumble your attack.
Your extra speed is starting to run out.
An orc opens the door.
The fire elemental hits you. The fire elemental burns you!
Your unstable footing causes you to fumble your attack.
The fire elemental hits you. The fire elemental burns you!
Your unstable footing causes you to fumble your attack.
The fire elemental hits you. The fire elemental burns you!
The fire elemental hits you. The fire elemental burns you!
* * * LOW HITPOINT WARNING * * *
Your unstable footing causes you to fumble your attack.
The orc hits you but does no damage. The fire elemental hits you.
The fire elemental burns you!
* * * LOW HITPOINT WARNING * * *
You closely miss the fire elemental. x2; You closely miss the orc.
The fire elemental hits you. The fire elemental burns you!
* * * LOW HITPOINT WARNING * * *
Your unstable footing causes you to fumble your attack.
The fire elemental hits you. The fire elemental burns you!
You die...

#...#.......E°.#
##.+####°...○...#
#.°....°°..####.##
###.########.#.^#..o
#.°○#....##...'o..8.
#°#.#._.....°o..#
####°#.#.~.?.~...{.#
#...E..#..~~§EEo...#
#...°..##...~@oo...#
#...°..##...~≈≈~...#
#......#....~~~~...#
#...°.[..⌠.......###
#..............###
#.....>...######
####.###### #..○.#
######°##


You could see 2 fire elementals, an orc warrior and 4 orcs.

Vanquished Creatures
  Sigmund (D:4)
  4 fire elementals
  Duvessa (D:4)
  A black bear (D:4)
  3 ogres
  A kobold brigand (D:4)
  2 scorpions
  Dowan (D:4)
  2 iguanas
  Natasha (thrice) (D:2)
  An orc wizard (D:4)
  4 gnolls (D:2)
  8 adders
  2 dart slugs
  9 orcs
  8 endoplasms
  2 giant cockroaches
  6 goblins
  10 hobgoblins
  A quokka (D:1)
  10 ball pythons
  4 bats
  10 frilled lizards
  7 kobolds
  6 rats
107 creatures vanquished.

Vanquished Creatures (others)
  5 plants (D:4)
5 creatures vanquished.

Grand Total: 112 creatures vanquished

Notes
Turn   | Place    | Note
-------+----------+-------------------------------------------
     0 | D:1      | ChiefBigBeans the Hill Orc Cinder Acolyte began the quest
                  | for the Orb.
     0 | D:1      | Reached XP level 1. HP: 19/19 MP: 2/2
   351 | D:1      | Reached XP level 2. HP: 27/27 MP: 3/3
   354 | D:1      | Learned a level 2 spell: Scorch
  1479 | D:2      | Noticed Natasha
  1487 | D:2      | Killed Natasha
  1488 | D:2      | Reached XP level 3. HP: 19/33 MP: 1/5
  1499 | D:2      | Noticed Natasha
  1507 | D:2      | Killed Natasha
  1508 | D:2      | Reached XP level 4. HP: 24/41 MP: 3/6
  1733 | D:2      | Noticed Natasha
  1741 | D:2      | Killed Natasha
  1809 | D:2      | Reached skill level 5 in Axes
  1809 | D:2      | Reached XP level 5. HP: 32/47 MP: 3/7
  3154 | D:3      | Reached skill level 5 in Fighting
  3206 | D:3      | Reached skill level 1 in Armour
  3219 | D:3      | Reached XP level 6. HP: 56/56 MP: 9/9
  3393 | D:3      | Found a sparkling altar of Nemelex Xobeh.
  3451 | D:4      | Found Faelam's General Store.
  3466 | D:4      | Bought a +0 broad axe for 44 gold pieces
  3469 | D:4      | Identified a scroll of acquirement
  3471 | D:4      | Acquired the +8 mithril axe "Arga" {speed, Will+}
  3471 | D:4      | Found the +8 mithril axe "Arga" {speed, Will+}
  3503 | D:4      | Found Unuwk's Weapon Shop.
  3517 | D:4      | Noticed a black bear
  3522 | D:4      | Killed a black bear
  3523 | D:4      | Reached skill level 6 in Axes
  3524 | D:4      | Noticed Sigmund
  3539 | D:4      | Killed Sigmund
  3540 | D:4      | Reached XP level 7. HP: 53/63 MP: 10/10
  3753 | D:4      | Reached skill level 7 in Axes
  3919 | D:4      | Found Mudokuet's Magic Scroll Shoppe.
  3925 | D:4      | Bought a scroll of enchant armour for 82 gold pieces
  3959 | D:4      | Found Guwoason's Assorted Antiques.
  3972 | D:4      | Bought a scroll labelled VARYXE TYHAN for 24 gold pieces
  4027 | D:4      | Noticed Duvessa
  4033 | D:4      | Killed Duvessa
  4034 | D:4      | Reached XP level 8. HP: 66/71 MP: 11/11
  4036 | D:4      | Noticed Dowan
  4040 | D:4      | Killed Dowan
  4140 | D:4      | Found a blossoming altar of Fedhas.
  4264 | D:4      | Found a glowing silver altar of Zin.
  4419 | D:4      | Fell from the grace of Ignis
  4419 | D:4      | Became a worshipper of Zin the Law-Giver
  4433 | D:4      | Learned a level 1 spell: Sandblast
  4540 | D:4      | Learned a level 3 spell: Stone Arrow
  4620 | D:5      | Entered Level 5 of the Dungeon
  4945 | D:5      | Reached skill level 8 in Axes
  5044 | D:5      | Reached skill level 5 in Armour
  5199 | D:5      | You fall into a shaft and drop 3 floors!
  5231 | D:8      | HP: 3/73 [fire elemental[the fiery vengeance of Ignis]
                  | (13)]
  5460 | D:8      | You fall into a shaft and drop 2 floors!
  5460 | D:10     | Entered Level 10 of the Dungeon
  5460 | D:10     | Found a shadowy altar of Dithmenos.
  5554 | D:9      | HP: 3/73 [fire elemental[the fiery vengeance of Ignis]
                  | (10)]
  5798 | D:9      | Found an ancient bone altar of Kikubaaqudgha.
  5811 | D:9      | HP: 2/73 [fire elemental[the fiery vengeance of Ignis]
                  | (10)]
  5812 | D:9      | Mangled by a fire elemental

Illustrated notes

Levels and vault maps discovered:
D:1:      wheals_arrival_linesprint, layout_basic
D:2:      layout_rooms, uniq_natasha
D:3:      minmay_razor_zed, layout_rooms, nemelex_dance_club_becter
D:4:      layout_rooms, zin_scriptorium, kennysheep_mini, serial_shops,
          nicolae_stop_n_shop_2, nicolae_shop_bloodbath_and_beyond,
          nicolae_square_shop, nicolae_stop_n_shop_2, columned_hall_lemuel,
          lexackson_kobold_supper, uniq_duvessa, uniq_sigmund
D:5:      layout_loops_ring, trog_wizard, minmay_misc_feat_enclosed
D:8:      layout_loops_corners, lemuel_coloured_pillars_altar,
          nicolae_qazlal_scattered_showers, serial_shops,
          nicolae_take_the_stairs, grunt_decor_junction, uniq_pikel
D:9:      layout_roguey, mainiacjoe_overflow_cross_hatched,
          kiku_gazebo_pond_becter, nicolae_ru_great_annihilating_truth,
          hiddenorc2_lemuel, uniq_prince_ribbit1
D:10:     layout_gridville, nicolae_dithmenos_the_darkroom, xom_teletrap_fun

Skill      XL: |  1  2  3  4  5  6  7  8 |
---------------+-------------------------+-----
Fighting       | 4 5 6 7 |  7.5
Fire Magic     | 4 |  4.3
Axes           | 5 6 7 8 |  8.1
Spellcasting   | 2 |  2.0
Armour         | 1 3 4 5 |  5.0

Action                   |  1- 3 |  4- 6 |  7- 9 || total
-------------------------+-------+-------+-------++-------
Melee: Hand axe          |    57 |   114 |       ||   171
       Punch             |     1 |     2 |       ||     3
       Broad axe         |       |    21 |    79 ||   100
 Cast: Scorch            |     7 |     5 |     3 ||    15
       Sandblast         |       |       |     4 ||     4
       Stone Arrow       |       |       |     1 ||     1
Invok: Fiery Armour      |     1 |     1 |       ||     2
Evoke: Wand              |       |       |     1 ||     1
  Use: Scroll            |       |    11 |     3 ||    14
       Potion            |       |     3 |     4 ||     7
Armor: Ring mail         |    13 |    23 |       ||    36
       Chain mail        |       |    28 |    44 ||    72
Dodge: Dodged            |    33 |    60 |    31 ||   124
